 Seeded DCSS version 0.29-a0-541-gaf1fc19f1b (webtiles) character file.

Game seed: 5998305543906830551 (custom seed)

61 swifteh the Vandal (level 3, -3/30 HPs)
             Began as a Minotaur Hunter on June 2, 2022.
             Slain by a gnoll
             ... wielding a +0 club
              (4 damage)
             ... on level 3 of the Dungeon.
             The game lasted 00:07:03 (1576 turns).

swifteh the Vandal (Minotaur Hunter)                Turns: 1576, Time: 00:07:03

Health: -3/30      AC:  3    Str: 15    XL:     3   Next: 83%
Magic:  2/2        EV: 12    Int:  6    God:
Gold:   69         SH:  0    Dex: 15    Spells: 2/2 levels left

rFire   . . .      SeeInvis +   a - +1 hunting sling
rCold   . . .      Faith    .   (no shield)
rNeg    . . .      Spirit   .   b - +0 leather armour
rPois   .          Reflect  .   (helmet restricted)
rElec   .          Harm     .   (no cloak)
rCorr   .          Rampage  .   (no gloves)
Will    .....                   (no boots)
Stlth   +.........              (no amulet)
HPRegen 0.10/turn               j - ring of see invisible
MPRegen 0.08/turn               (no ring)

@: lethally poisoned (-3 -> -10)
A: horns 2, retaliatory headbutt
a: no special abilities


You were on level 3 of the Dungeon.
You visited 1 branch of the dungeon, and saw 3 of its levels.

You collected 69 gold pieces.

Inventory:

Hand Weapons
 a - a +1 hunting sling (weapon)
Armour
 b - a +0 leather armour (worn)
Jewellery
 j - a ring of see invisible (left hand)
Scrolls
 c - a scroll of immolation
 d - a scroll of blinking {unknown}
 e - a scroll of enchant armour {unknown}
 f - a scroll of fear {unknown}
 h - 3 scrolls of identify {unknown}
 l - a scroll of teleportation {unknown}
 n - a scroll of vulnerability {unknown}
Potions
 g - a potion of flight {unknown}
 i - a potion of curing {unknown}
 k - a potion of mutation {unknown}
 m - a potion of heal wounds {unknown}


   Skills:
 + Level 2.8 Fighting
 + Level 5.5 Slings
 + Level 1.6 Armour
 + Level 2.3 Dodging
 + Level 0.8 Stealth


You had 2 spell levels left.
You didn't know any spells.
Your spell library was empty.

Dungeon Overview and Level Annotations

Branches:
Dungeon (3/15)

Altars:


Innate Abilities, Weirdness & Mutations

You have a pair of horns on your head.
You reflexively headbutt those who attack you in melee.


Message History

You shoot a sling bullet.
The sling bullet barely misses the gnoll.
The sling bullet hits the orc but does no damage.
The orc is almost dead.
The gnoll completely misses you. The gnoll barely misses you. x2
The gnoll hits you with a +0 club.
You shoot a sling bullet. The sling bullet hits the gnoll.
The gnoll is lightly wounded.
The gnoll barely misses you. You furiously retaliate!
You headbutt the gnoll. The gnoll hits you but does no damage.
You shoot a sling bullet. The sling bullet hits the gnoll.
The gnoll is almost dead.
The gnoll hits you with a +0 flail! The gnoll closely misses you.
You shoot a sling bullet. The sling bullet hits the gnoll.
You kill the gnoll!
The gnoll barely misses you.
You shoot a sling bullet.
The sling bullet barely misses the gnoll.
The sling bullet barely misses the orc.
The gnoll hits you with a +0 club! The gnoll hits you with a +0 club.
You are too injured to fight recklessly!
You are too injured to fight recklessly!
You are too injured to fight recklessly!
You are too injured to fight recklessly!
You are too injured to fight recklessly!
You are too injured to fight recklessly!
You are too injured to fight recklessly!
The gnoll barely misses you.
Things that are here:
a +0 flail; 4 gold pieces The gnoll attacks as you move away!
The gnoll barely misses you. You furiously retaliate!
You headbutt the gnoll. The gnoll attacks as you move away!
The gnoll barely misses you. The gnoll hits you with a +0 flail!
* * * LOW HITPOINT WARNING * * *
The adder bites you.
* * * LOW HITPOINT WARNING * * *
You are lethally poisoned!
The adder poisons you! The gnoll hits you with a +0 club.
You die...

#... ... ..# #....
#.# #.# . #.... #.#
#.#
..#....####.###.#
......)........#
##....#o##.###.#
.##....#.##.# #.#
.....oSgg##.###.####
.......@....>##....#
#.##.##.###.###.####
# #<# #.# #.# #..
..# #.# ### #.# #.#
#.# #.# #<#


You could see 2 gnolls, an adder and 2 orcs.

Vanquished Creatures
  A gnoll (D:3)
  2 adders (D:2)
  2 orcs (D:3)
  A bat (D:2)
  3 endoplasms
  A giant cockroach (D:1)
  3 goblins
  2 hobgoblins (D:1)
  5 jackals (D:1)
  4 kobolds
  3 ball pythons
  A rat (D:1)
28 creatures vanquished.

Notes
Turn   | Place    | Note
-------+----------+-------------------------------------------
     0 | D:1      | swifteh the Minotaur Hunter began the quest for the Orb.
     0 | D:1      | Reached XP level 1. HP: 18/18 MP: 0/0
   180 | D:1      | Found a faded altar of an unknown god.
   234 | D:1      | Reached XP level 2. HP: 25/25 MP: 1/1
   330 | D:1      | Reached skill level 5 in Slings
  1111 | D:2      | Reached skill level 1 in Armour
  1111 | D:2      | Reached XP level 3. HP: 30/30 MP: 2/2
  1576 | D:3      | HP: 1/30 [adder (1)]
  1576 | D:3      | Slain by a gnoll

Illustrated notes

Levels and vault maps discovered:
D:1:      nzn_arrival_crosshair, layout_basic,
          hellmonk_ecumenical_altar_arch_garden
D:2:      layout_basic, serial_bayou_pond_e
D:3:      layout_basic, serial_shops, nicolae_shop_stone,
          minmay_misc_feat_diagonals, dreamdust_princess_corridor, uniq_terence

Skill      XL: |  1  2 |
---------------+-------+-----
Slings         | 5 |  5.5
Armour         | 1 |  1.6
Fighting       | |  2.8
Dodging        | |  2.3
Stealth        | |  0.8

Action                   || total
-------------------------++-------
 Fire: Hunting sling     ||   107
Armor: Leather armour    ||    10
Dodge: Dodged            ||    48

Table legend: (Time is in decaauts)
 A = Elapsed time spent in this place.
 B = Non-inter-level travel time spent in this place.
 C = Inter-level travel time spent in this place.
 D = Time resting spent in this place.
 E = Time spent auto-exploring this place.
 F = Levels seen in this place.
 G = Mean time per level.
                   A        B        C        D        E       F      G
               +--------+--------+--------+--------+--------+-----+--------+
         Total |   1607 |   1607 |      0 |    245 |    978 |   3 |  535.7 |
       Dungeon |   1607 |   1607 |      0 |    245 |    978 |   3 |  535.7 |
               +--------+--------+--------+--------+--------+-----+--------+

Top non-repeatable levels by time:
     D:1: 825 daAuts
     D:2: 731 daAuts
     D:3: 49 daAuts
